 Dungeon Crawl Stone Soup version 0.29-a0-333-gb4c28e87c6 (webtiles) character file.

Game seed: 14051963943015700677

436 weaper the Chopper (level 7, 0/59 HPs)
             Began as a Hill Orc Monk on Apr 13, 2022.
             Slain by Duvessa
             ... wielding a +5 rapier
              (16 damage)
             ... on level 5 of the Dungeon.
             The game lasted 00:11:36 (4787 turns).

weaper the Chopper (Hill Orc Monk)                  Turns: 4787, Time: 00:11:37

Health: 0/59       AC: 10    Str: 22    XL:     7   Next: 1%
Magic:  7/7        EV:  8    Int: 10    God:
Gold:   191        SH:  4    Dex: 13    Spells: 6/6 levels left

rFire   . . .      SeeInvis .   t - +0 war axe
rCold   . . .      Faith    .   j - +0 buckler
rNeg    . . .      Spirit   .   d - +0 chain mail
rPois   +          Reflect  .   (no helmet)
rElec   .          Harm     .   (no cloak)
rCorr   .          Rampage  +   (no gloves)
Will    .....                   m - +0 pair of boots of Mysticism {Rampage rPois Str+6 Slay+3}
Stlth   ..........              (no amulet)
HPRegen 0.19/turn               (no ring)
MPRegen 0.10/turn               (no ring)

@: no status effects
A: no striking features
a: no special abilities


You were on level 5 of the Dungeon.
You visited 1 branch of the dungeon, and saw 5 of its levels.

You collected 191 gold pieces.

Inventory:

Hand Weapons
 a - a +0 hand axe
 q - a +2 antimagic quarterstaff
 t - a +0 war axe (weapon)
Armour
 b - a +0 robe
 d - a +0 chain mail (worn)
 j - a +0 buckler (worn)
 k - a +0 ring mail
 m - the +0 pair of boots of Mysticism (worn) {Rampage rPois Str+6 Slay+3}
   (You found it on level 3 of the Dungeon)

   Str:       It affects your strength (+6).
   Slay:      It affects your accuracy & damage with ranged weapons and melee
   (+3).
   rPois:     It protects you from poison.
   Rampage:   It bestows one free step when moving towards enemies.
 u - a +0 chain mail
Magical Staves
 e - a staff of earth
Wands
 r - a wand of paralysis (5)
Scrolls
 f - 2 scrolls of blinking {unknown}
 g - a scroll of teleportation {unknown}
 i - 2 scrolls of vulnerability {unknown}
 p - a scroll of fear {unknown}
 s - a scroll of identify {unknown}
Potions
 c - 2 potions of ambrosia
 h - a potion of might {unknown}
 l - 2 potions of curing {unknown}
 n - a potion of invisibility {unknown}
 o - a potion of heal wounds {unknown}


   Skills:
 + Level 4.3 Fighting
 * Level 7.8 Axes
 * Level 3.2 Armour
 + Level 3.0 Dodging
 + Level 2.0 Stealth
 + Level 1.2 Shields


You had 6 spell levels left.
You didn't know any spells.
Your spell library contained the following spells:

 Spells                   Type           Power      Damage    Failure   Level
 Summon Small Mammal      Summ           0%         N/A       99%         1
 Call Canine Familiar     Summ           0%         N/A       100%        3
 Summon Guardian Golem    Hex/Summ       0%         N/A       100%        3


Dungeon Overview and Level Annotations

Branches:
Dungeon (5/15)
 Temple: D:4-7

Altars:

Shops:
D:1 =

Annotations:
D:5 Duvessa


Message History

You open the door.
There is an open door here.
Found an escape hatch in the floor.
You hear the slow hiss of a very distant avalanche of sand.
Found 15 stones.
i - 2 scrolls labelled SABRAX YGENEWU (gained 1)
You hear the hiss of a very distant avalanche of sand.
There is an escape hatch in the floor here.
You hear the hiss of a very distant avalanche of sand.
You now have 191 gold pieces (gained 12).
Dowan, Brother of Duvessa comes into view.
He is wielding a +1 dagger of speed.
Dowan shouts!
You rampage towards Dowan!
You barely miss Dowan. Dowan barely misses you.
Dowan hits you but does no damage.
You slash Dowan!
Dowan is heavily wounded.
Dowan hits you with a +1 dagger of speed.
You slash Dowan!
You kill Dowan!
You hear a distant scream of rage.
Your Stealth skill increases to level 2!
You have reached level 7!
Things that are here:
a +1 dagger of speed; a +0 robe; the elf corpse of Dowan You hear the brisk hiss of a very distant avalanche of sand.
Things that are here:
a +1 dagger of speed; a +0 robe; the elf corpse of Dowan Duvessa, Sister of Dowan comes into view.
She is wielding a +5 rapier.
Duvessa shouts!
Duvessa goes berserk!
You rampage towards Duvessa!
You rampage towards Duvessa!
You barely miss Duvessa. Duvessa hits you with a +5 rapier.
You barely miss Duvessa. Duvessa hits you with a +5 rapier! x2
You closely miss Duvessa. Duvessa hits you with a +5 rapier!
* * * LOW HITPOINT WARNING * * *
A water moccasin comes into view.
Duvessa misses you.
You closely miss Duvessa. Duvessa hits you with a +5 rapier!
You die...

#.#.##########.#
#.#.# #.# #.#.#
#.# #.#.# #.#
#.####.#.# #.#
.......#.# #.#
.........# #.#
.....###.# #.#
........@# #.#
.....###e# #.#
.. ... #.# .....
#.# ......# #.#
.......# #.#
....S...######
#.#
####..........#
#.# +..........#
#.#


You could see Duvessa (berserk) and a water moccasin.

Vanquished Creatures
  A phantom (D:4)
  2 scorpions
  Dowan (D:5)
  A hound (D:3)
  4 gnolls (D:3)
  2 adders (D:5)
  2 ufetubi (D:4)
  A worm (D:3)
  3 dart slugs
  An orc (D:3)
  7 ball pythons
  3 bats
  7 endoplasms
  5 giant cockroaches
  10 goblins
  9 hobgoblins
  13 jackals
  7 kobolds
  A quokka (D:1)
  4 frilled lizards
  4 rats
88 creatures vanquished.

Notes
Turn   | Place    | Note
-------+----------+-------------------------------------------
     0 | D:1      | weaper the Hill Orc Monk began the quest for the Orb.
     0 | D:1      | Reached XP level 1. HP: 19/19 MP: 1/1
     2 | D:1      | Found a faded altar of an unknown god.
   151 | D:1      | Reached XP level 2. HP: 27/27 MP: 2/2
   312 | D:1      | Found Evusch's Jewellery Boutique.
   938 | D:1      | Reached XP level 3. HP: 28/33 MP: 3/3
  1750 | D:2      | Reached skill level 5 in Axes
  2552 | D:2      | Reached XP level 4. HP: 40/40 MP: 4/4
  2913 | D:3      | Reached skill level 1 in Armour
  3365 | D:3      | Reached XP level 5. HP: 46/46 MP: 5/5
  3508 | D:3      | Identified the +0 pair of boots of Mysticism {Rampage rPois
                  | Str+6 Slay+3}
  3649 | D:3      | Reached skill level 1 in Shields
  3868 | D:4      | Noticed a phantom
  3882 | D:4      | Killed a phantom
  3883 | D:4      | Reached skill level 6 in Axes
  3883 | D:4      | Reached XP level 6. HP: 52/52 MP: 6/6
  3983 | D:4      | Reached skill level 7 in Axes
  4462 | D:5      | Entered Level 5 of the Dungeon
  4726 | D:5      | Noticed Dowan
  4748 | D:5      | Killed Dowan
  4749 | D:5      | Reached XP level 7. HP: 54/59 MP: 7/7
  4782 | D:5      | Noticed Duvessa
  4787 | D:5      | Slain by Duvessa

Illustrated notes

Levels and vault maps discovered:
D:1:      eino_arrival_water_cross, layout_basic, serial_shops,
          nicolae_shop_trees, hellmonk_ecumenical_altar_dog_temple, minivault_26
D:2:      layout_basic
D:3:      layout_loops_ring
D:4:      layout_rooms, kennysheep_flooded_box
D:5:      layout_basic, mainiacjoe_overflow_alcove_4, serial_shops,
          nicolae_shop_trees, lightli_ossuary_entry_decrepit_ruins, uniq_duvessa

Skill      XL: |  1  2  3  4  5  6 |
---------------+-------------------+-----
Axes           | 5 6 7 |  7.8
Fighting       | 4 |  4.3
Armour         | 1 2 3 |  3.2
Shields        | 1 |  1.2
Dodging        | 3 |  3.0
Stealth        | 2 |  2.0

Action                   |  1- 3 |  4- 6 |  7- 9 || total
-------------------------+-------+-------+-------++-------
Melee: Hand axe          |   171 |   132 |       ||   303
       Punch             |     3 |       |       ||     3
       War axe           |       |    12 |     4 ||    16
Armor: Robe              |    17 |       |       ||    17
       Chain mail        |    61 |    69 |       ||   130
Dodge: Dodged            |   127 |    61 |     1 ||   189
Block: Buckler           |     1 |    22 |       ||    23

Table legend: (Time is in decaauts)
 A = Elapsed time spent in this place.
 B = Non-inter-level travel time spent in this place.
 C = Inter-level travel time spent in this place.
 D = Time resting spent in this place.
 E = Time spent auto-exploring this place.
 F = Levels seen in this place.
 G = Mean time per level.
                   A        B        C        D        E       F      G
               +--------+--------+--------+--------+--------+-----+--------+
         Total |   4807 |   4729 |     78 |    427 |   3198 |   5 |  961.4 |
       Dungeon |   4807 |   4729 |     78 |    427 |   3198 |   5 |  961.4 |
               +--------+--------+--------+--------+--------+-----+--------+

Top non-repeatable levels by time:
     D:1: 1578 daAuts
     D:3: 1208 daAuts
     D:2: 1085 daAuts
     D:4: 607 daAuts
     D:5: 327 daAuts
